 Dungeon Crawl Stone Soup version 0.21-a0-404-g291f19a (webtiles) character file.

37 FerrousOx the Charlatan (level 3, 0/27 HPs)
             Began as a Demonspawn Artificer on Oct 31, 2017.
             Succumbed to an adder's poison
             ... on level 2 of the Dungeon.
             The game lasted 00:02:33 (1258 turns).

FerrousOx the Charlatan (Demonspawn Artificer)      Turns: 1258, Time: 00:02:33

Health: 0/27       AC:  3    Str: 13    XL:     3   Next: 21%
Magic:  5/5        EV: 12    Int: 12    God:
Gold:   63         SH:  0    Dex: 13    Spells: 2/2 levels left

rFire    . . .     SeeInvis .   a - +0 short sword
rCold    . . .     Gourm    .   (no shield)
rNeg     . . .     Faith    +   b - +0 leather armour
rPois    .         Spirit   .   (no helmet)
rElec    .         Reflect  .   (no cloak)
rCorr    .         Harm     .   (no gloves)
MR       .....                  (no boots)
Stlth    +.........             q - amulet of faith
HPRegen  0.09/turn              (no ring)
MPRegen  0.09/turn              (no ring)

@: lethally poisoned (0 -> -11)
A: rot immunity
a: no special abilities


You were on level 2 of the Dungeon.
You were not hungry.

You visited 1 branch of the dungeon, and saw 2 of its levels.

You collected 63 gold pieces.

Inventory:

Hand Weapons
 a - a +0 short sword (weapon)
Armour
 b - a +0 leather armour (worn)
Jewellery
 q - an amulet of faith (around neck)
Wands
 c - a wand of flame (15/48)
 d - a wand of enslavement (14/24)
 e - a wand of random effects (15/48)
Scrolls
 g - a scroll of fog {unknown}
 k - a scroll of remove curse {unknown}
 l - a scroll of teleportation {unknown}
 m - a scroll of amnesia {unknown}
 n - a scroll of identify {unknown}
 o - a scroll of fear {unknown}
Potions
 h - a potion of heal wounds {unknown}
 p - a potion of lignification {unknown}
Comestibles
 f - 2 bread rations
 i - a royal jelly
 j - 3 meat rations


   Skills:
 * Level 1.8 Fighting
 * Level 1.5 Short Blades
 + Level 0.1 Armour
 - Level 1.7 Dodging
 - Level 0.8 Stealth
 + Level 3.6 Evocations


You had 2 spell levels left.
You didn't know any spells.

Dungeon Overview and Level Annotations

Branches:
Dungeon (2/15)

Altars:
Trog


Innate Abilities, Weirdness & Mutations

You are immune to rotting.


Message History

The orc shouts!
The adder barely misses you.
Found 10 gold pieces.
An orc wizard comes into view. It is wielding a dagger.
An orc comes into view. It is wielding a club.
* * * LOW HITPOINT WARNING * * *
You feel sick. The orc wizard casts a spell at you.
The puff of flame misses you.
Found a stone staircase leading down. 2 orcs come into view.
* * * LOW HITPOINT WARNING * * *
You feel sick.
The orc shouts! x2; You hear an angry hiss.
The orc drinks a potion.
The orc suddenly seems more agile.
An adder comes into view.
The orc shouts!
The adder hisses angrily.
You hit the orc.
The orc is heavily wounded.
You die...

#.<...).......##..
#.................#
###.#....<.....# .#
##.#.......[..##.#####
##..#..#####......#...o
#......#######.........
##._.........###......o.
........###†.##......##.
...............S@o..o...
..†(..#...............oS
########..............>#
###..............
#...............
.................
..................
...........##..$..


You could see an orc wizard, 2 adders and 4 orcs.

Vanquished Creatures
  A worm (D:2)
  2 dart slugs (D:1)
  A giant cockroach (D:1)
  5 goblins
  3 hobgoblins (D:1)
  5 bats
  3 frilled lizards (D:1)
  4 kobolds
  4 rats
28 creatures vanquished.

Vanquished Creatures (collateral kills)
  A quokka (D:2)
1 creature vanquished.

Grand Total: 29 creatures vanquished

Notes
Turn   | Place    | Note
-------+----------+-------------------------------------------
     0 | D:1      | FerrousOx the Demonspawn Artificer began the quest for the Orb.
     0 | D:1      | Reached XP level 1. HP: 15/15 MP: 3/3
    45 | D:1      | Reached skill level 1 in Short Blades
   255 | D:1      | Gained mutation: You are immune to rotting. [demonic ancestry]
   255 | D:1      | Reached XP level 2. HP: 18/21 MP: 4/4
   920 | D:2      | Found a bloodstained altar of Trog.
   924 | D:2      | Reached XP level 3. HP: 26/26 MP: 5/5
  1257 | D:2      | HP: 1/27 [poisoned by an adder]
  1258 | D:2      | Succumbed to an adder's poison

Vault maps used:
D:1:      tarquinn_simple_flora_water_a
D:2:      lemuel_crystal_altar, overflow_temple_1_default, bloody_trog,
          nicolae_overflow_hidden_temple, chequers_ecumenical_altar_simple_redux

Skill      XL: |  1 |
---------------+----+-----
Short Blades   | 1 |  1.5
Fighting       | |  1.8
Armour         | |  0.1
Dodging        | |  1.7
Stealth        | |  0.8
Evocations     | |  3.6

Action                   || total
-------------------------++-------
Melee: Short sword       ||   138
Evoke: Wand              ||     1
  Eat: Chunk             ||     1
Armor: Leather armour    ||    45
Dodge: Dodged            ||    95

Table legend:
 A = Spawn XP
 B = Non-spawn XP
 C = Spawn XP percentage of total XP
 D = Spawn monster count
 E = Non-spawn monster count
 F = Spawn count percentage of total count
 G = Total turns spent on level
                    A         B        C        D         E        F      G
               +---------+---------+-------+---------+---------+-------+---------
         Total |       0 |      53 |   0.0 |       0 |      29 |   0.0 |  1258
               +---------+---------+-------+---------+---------+-------+---------
           D:1 |       0 |      40 |   0.0 |       0 |      22 |   0.0 |   920
           D:2 |       0 |      13 |   0.0 |       0 |       7 |   0.0 |   338
               +---------+---------+-------+---------+---------+-------+---------
